[Event "Titled Tuesday Blitz March 14 Early 2023"]
[White "Domingo Nunez, Alejandro"]
[Black "ritanovikova"]
[WhiteFideId "22245561"]
[WhiteElo "2230"]
[BlackElo "2166"]
[Result "1-0"]
[Round "09"]
[TimeControl "180+2"]
[Date "2023.03.14"]
[WhiteClock "0:00:30"]
[BlackClock "0:00:12"]

1. e4 d5 2. exd5 Qxd5 3. Nc3 Qd6 4. d4 Nf6 5. Nf3 a6 6. g3 Bg4 7. Bg2 Nc6 8. h3 Bh5 9. Bf4 Qb4 10. O-O O-O-O 11. g4 Nxg4 12. hxg4 Bxg4 13. Ne2 e5 14. Nxe5 Nxd4 15. Nxg4 Nf3+ 16. Bxf3 Rxd1 17. Rfxd1 f6 18. Rd4 Qxb2 19. Rad1 Bc5 20. Rd7 Bb6 21. Rxg7 h5 22. Ne3 Rd8 23. Rxd8+ Kxd8 24. Nd5 f5 25. Bg5+ Ke8 26. Re7+ Kf8 27. Bh6+ Kg8 28. Rg7+ Kh8 29. Nef4 Bxf2+ 30. Kg2 Qxg7+ 31. Bxg7+ Kxg7 32. Nxh5+ Kg6 33. Kxf2 c6 34. Ne7+ Kg5 35. Ng7 Kf6 36. Ngxf5 c5 37. Bxb7 a5 38. Ke3 Ke5 39. Kd3 1-0


[Site "https://www.chess.com"]

[Event "Titled Tuesday Blitz March 14 Early 2023"]
[White "Aradhya, Garg"]
[Black "Torres Dominguez, David"]
[WhiteFideId "25006746"]
[BlackFideId "2220857"]
[WhiteElo "2263"]
[BlackElo "1999"]
[Result "1-0"]
[Round "09"]
[TimeControl "180+2"]
[Date "2023.03.14"]
[WhiteClock "0:02:02"]
[BlackClock "0:00:54"]

1. d4 e5 2. dxe5 d6 3. Nf3 Bg4 4. Bg5 Qd7 5. Nc3 Nc6 6. exd6 Bxd6 7. Qd2 f6 8. Bf4 Bxf4 9. Qxf4 O-O-O 10. Rd1 Qe6 11. Rxd8+ Kxd8 12. Nd4 Nxd4 13. Qxd4+ Qd7 14. Qxa7 Ne7 15. e3 c6 16. Qb8+ Nc8 17. Be2 Bf5 18. e4 Be6 19. O-O Ke7 20. Rd1 Nd6 21. Qxh8 1-0


[Site "https://www.chess.com"]

[Event "Titled Tuesday Blitz March 14 Early 2023"]
[White "Pham, Le Thao Nguyen"]
[Black "Garcia Pantoja, Roberto"]
[WhiteFideId "12401226"]
[BlackFideId "3509265"]
[WhiteElo "2282"]
[BlackElo "2544"]
[Result "1-0"]
[Round "09"]
[TimeControl "180+2"]
[Date "2023.03.14"]
[WhiteClock "0:00:21"]
[BlackClock "0:00:13"]

1. Nf3 d5 2. d4 Nf6 3. Bf4 e6 4. e3 Bd6 5. Bg3 O-O 6. Nbd2 c5 7. c3 Qc7 8. Ne5 Nbd7 9. f4 b5 10. Bxb5 Rb8 11. Bxd7 Nxd7 12. b3 Ba6 13. Kf2 Nf6 14. Bh4 Rfc8 15. Re1 cxd4 16. cxd4 Qc2 17. Bxf6 gxf6 18. Qg4+ Kf8 19. Nf3 Qg6 20. Qxg6 hxg6 21. Rec1 Ba3 22. Rxc8+ Rxc8 23. Ne1 Bc1 24. Nc4 dxc4 25. Rxc1 cxb3 26. Rxc8+ Bxc8 27. axb3 Ke7 28. Ke2 f5 29. Kd2 Kd6 30. Kc3 Bb7 31. g3 f6 32. Nd3 Be4 33. Nc5 Bd5 34. Kb4 e5 35. h4 exd4 36. exd4 Bc6 37. Kc4 Bd5+ 38. Kc3 Bc6 39. Na6 Bb5 40. Nb4 a5 41. Nc2 Kd5 42. Na3 Bf1 43. Nc4 Ke4 44. Nd2+ Ke3 45. Nxf1+ Kf2 46. d5 Kxf1 47. d6 1-0


[Site "https://www.chess.com"]

[Event "Titled Tuesday Blitz March 14 Early 2023"]
[White "TimGrutter03"]
[Black "Fiorito, Joaquin"]
[BlackFideId "180173"]
[WhiteElo "2483"]
[BlackElo "2157"]
[Result "1-0"]
[Round "09"]
[TimeControl "180+2"]
[Date "2023.03.14"]
[WhiteClock "0:00:04"]
[BlackClock "0:00:03"]

1. Nf3 d5 2. g3 Nf6 3. Bg2 Bf5 4. O-O e6 5. d3 Nc6 6. c4 dxc4 7. dxc4 Qxd1 8. Rxd1 Bc2 9. Rd2 Bg6 10. a3 Na5 11. Nd4 O-O-O 12. b4 Nxc4 13. Rd1 Be7 14. Nc3 e5 15. Bh3+ Kb8 16. Nf5 Rxd1+ 17. Nxd1 Rd8 18. Nde3 Nxe3 19. Bxe3 Bf8 20. Bg5 Bxf5 21. Bxf5 Be7 22. Bxf6 Bxf6 23. Ra2 g6 24. Be4 Bg7 25. g4 Rd4 26. f3 Bh6 27. Kf2 c6 28. Rc2 a6 29. h4 Rd8 30. h5 Rf8 31. hxg6 hxg6 32. Bd3 f5 33. gxf5 gxf5 34. e4 Rd8 35. Ke2 fxe4 36. Bxe4 Bf4 37. a4 Rd4 38. Rb2 Kc7 39. b5 cxb5 40. axb5 axb5 41. Rxb5 b6 42. Rb2 Ra4 43. Rc2+ Kb8 44. Rc6 Ka7 45. Rc8 Ra2+ 46. Kd3 Ra3+ 47. Kc2 Re3 48. Ra8# 1-0


[Site "https://www.chess.com"]

[Event "Titled Tuesday Blitz March 14 Early 2023"]
[White "Odegov, Artem"]
[Black "Staudenhocker43"]
[WhiteFideId "34183644"]
[WhiteElo "2300"]
[BlackElo "2425"]
[Result "1/2-1/2"]
[Round "09"]
[TimeControl "180+2"]
[Date "2023.03.14"]
[WhiteClock "0:01:50"]
[BlackClock "0:01:57"]

1. d4 Nf6 2. c4 e6 3. Nf3 d5 4. Nc3 Bb4 5. Bg5 dxc4 6. e4 h6 7. Bxf6 Qxf6 8. Bxc4 c5 9. O-O cxd4 10. Nxd4 O-O 11. Ndb5 Nc6 12. a3 Bxc3 13. Nxc3 Rd8 14. Qh5 b6 15. Rad1 Bb7 16. Ba2 Rxd1 17. Rxd1 Rd8 18. Rxd8+ Qxd8 19. Qd1 Qxd1+ 20. Nxd1 Kf8 21. f3 Ke7 22. Kf2 Kd6 23. Ke3 f6 24. Nf2 Ne5 25. f4 Nd7 26. b4 a5 27. Nd3 Ba6 28. h4 Bxd3 29. Kxd3 axb4 30. axb4 e5 31. f5 b5 32. g4 Nb8 33. Bd5 Nc6 34. Bxc6 Kxc6 35. Ke3 Kd6 36. Kf3 Ke7 37. g5 h5 38. gxf6+ gxf6 39. Ke3 Kd6 40. Kd3 Kc6 41. Ke3 Kd6 42. Kf3 Kc6 43. Kg3 Kd6 44. Kh3 Kc6 45. Kh2 Kd6 46. Kg2 Kc6 47. Kf2 Kd6 48. Ke2 Kc6 49. Kd2 Kd6 50. Kd3 Kc6 51. Kc3 Kd6 52. Kc2 Kc6 53. Kb2 Kd6 54. Kb3 Kc6 55. Ka3 Kd6 56. Ka2 Kc6 57. Ka1 Kd6 58. Kb1 Kc6 59. Kc1 Kd6 60. Kd1 Kc6 61. Ke1 Kd6 62. Kf1 Kc6 63. Kg1 Kd6 64. Kh1 Kc6 65. Kh2 Kd6 66. Kh3 Kc6 67. Kg3 Kd6 68. Kf3 Kc6 69. Ke3 Kd6 1/2-1/2


[Site "https://www.chess.com"]

[Event "Titled Tuesday Blitz March 14 Early 2023"]
[White "Skatchkov, Pavel"]
[Black "aidenzhouu"]
[WhiteFideId "4121848"]
[WhiteElo "2476"]
[BlackElo "2425"]
[Result "1-0"]
[Round "09"]
[TimeControl "180+2"]
[Date "2023.03.14"]
[WhiteClock "0:00:45"]
[BlackClock "0:00:10"]

1. d4 Nf6 2. c4 g6 3. Nc3 Bg7 4. e4 d6 5. h3 O-O 6. Bg5 c5 7. d5 h6 8. Be3 e6 9. Qd2 exd5 10. exd5 Kh7 11. Nf3 Re8 12. Bd3 b5 13. cxb5 a6 14. a4 axb5 15. Bxb5 Bd7 16. O-O Na6 17. Rae1 Nb4 18. Bf4 Bxb5 19. axb5 Rxe1 20. Rxe1 Qd7 21. Bh2 Re8 22. Rxe8 Nxe8 23. Qe2 Bxc3 24. bxc3 Nxd5 25. c4 Nb6 26. Bf4 Qe6 27. Qxe6 fxe6 28. Nd2 d5 29. Be3 d4 30. Bf4 Kg7 31. Be5+ Kf7 32. Kf1 Nd7 33. Bf4 g5 34. Bg3 e5 35. Ke2 Ke6 36. Kd3 Nd6 37. f3 Nf5 38. Bf2 Nf6 39. Kc2 Nd6 40. Kd3 Nd7 41. Be1 Nb6 42. Ne4 Nxe4 43. fxe4 Na4 44. Ba5 Nb6 45. Bxb6 1-0


[Site "https://www.chess.com"]

[Event "Titled Tuesday Blitz March 14 Early 2023"]
[White "Bochnicka, Vladimir"]
[Black "Garakov, Mikhael"]
[WhiteFideId "14943450"]
[BlackFideId "4169034"]
[WhiteElo "2094"]
[BlackElo "2347"]
[Result "1-0"]
[Round "09"]
[TimeControl "180+2"]
[Date "2023.03.14"]
[WhiteClock "0:00:34"]
[BlackClock "0:00:16"]

1. e4 c5 2. Nf3 e6 3. d4 cxd4 4. Nxd4 Nc6 5. Nc3 Qc7 6. Be3 a6 7. Qf3 d6 8. O-O-O Bd7 9. Qg3 b5 10. Ndxb5 axb5 11. Nxb5 Qb8 12. Nxd6+ Bxd6 13. Qxd6 Nf6 14. Qxb8+ Rxb8 15. f3 O-O 16. e5 Nd5 17. Bc5 Rfc8 18. Bd6 Ra8 19. Kb1 Ne3 20. Rd3 Nxc2 21. Kxc2 Nb4+ 22. Kb1 Nxd3 23. Bxd3 Ra5 24. b4 Rd5 25. Be4 Rd2 26. f4 Ba4 27. Bc5 Bc6 28. Bxc6 Rxc6 29. a4 Rxg2 30. Rd1 g5 31. fxg5 Rxg5 32. Bd6 Rg2 33. Rc1 Rxc1+ 34. Kxc1 Rxh2 35. b5 Rh4 36. b6 Rc4+ 37. Kb2 1-0


[Site "https://www.chess.com"]

[Event "Titled Tuesday Blitz March 14 Early 2023"]
[White "Avazkhonov, Alikhon"]
[Black "Jaskolka, Tomasz"]
[WhiteFideId "14208504"]
[BlackFideId "1170791"]
[WhiteElo "1739"]
[BlackElo "2155"]
[Result "0-1"]
[Round "09"]
[TimeControl "180+2"]
[Date "2023.03.14"]
[WhiteClock "0:00:01"]
[BlackClock "0:00:19"]

1. d4 d5 2. c4 e5 3. dxe5 d4 4. Nf3 Nc6 5. Bf4 Nge7 6. Nbd2 Ng6 7. Bg3 Bf5 8. h4 h5 9. a3 a5 10. Qb3 Qd7 11. e4 Bg4 12. Bd3 a4 13. Qc2 Bc5 14. O-O-O O-O 15. Rde1 Rfb8 16. Ng5 Ngxe5 17. f4 Nxd3+ 18. Qxd3 b5 19. cxb5 Na5 20. e5 Bf5 21. Nge4 Rxb5 22. Bf2 Rab8 23. Qc2 Qd5 24. Qxa4 Rxb2 25. Qxa5 Qa2 0-1


[Site "https://www.chess.com"]

[Event "Titled Tuesday Blitz March 14 Early 2023"]
[White "Turzo, Attila"]
[Black "Aanan, Shafiuddin"]
[WhiteFideId "704954"]
[BlackFideId "3242633"]
[WhiteElo "2519"]
[BlackElo "1648"]
[Result "1-0"]
[Round "09"]
[TimeControl "180+2"]
[Date "2023.03.14"]
[WhiteClock "0:01:43"]
[BlackClock "0:00:49"]

1. e4 c5 2. Nc3 d6 3. f4 Nc6 4. Bb5 Bd7 5. Nf3 g6 6. O-O Bg7 7. d3 e6 8. Bxc6 Bxc6 9. f5 Nf6 10. Kh1 O-O 11. fxe6 fxe6 12. e5 Nd5 13. Ne4 dxe5 14. Nxc5 Nf4 15. Bxf4 exf4 16. Nxe6 Qd5 17. Nxf8 Rxf8 18. c3 g5 19. h3 h5 20. Qb3 g4 21. hxg4 hxg4 22. Ng5 Bh6 23. Qxd5+ Bxd5 24. Ne4 Rf5 25. Kg1 f3 26. gxf3 gxf3 27. Kf2 Kf7 28. Nd6+ 1-0


[Site "https://www.chess.com"]

[Event "Titled Tuesday Blitz March 14 Early 2023"]
[White "Zarnicki, Pablo"]
[Black "Botez, Alexandra"]
[WhiteFideId "100137"]
[BlackFideId "2603365"]
[WhiteElo "2468"]
[BlackElo "2059"]
[Result "1-0"]
[Round "09"]
[TimeControl "180+2"]
[Date "2023.03.14"]
[WhiteClock "0:00:20"]
[BlackClock "0:00:02"]

1. d4 c5 2. a4 cxd4 3. Qxd4 Nc6 4. Qh4 Nf6 5. b4 a6 6. Bb2 e6 7. b5 axb5 8. axb5 Rxa1 9. Bxa1 Qa5+ 10. Bc3 Qxb5 11. Nd2 Nd5 12. e4 Qa4 13. Bb2 Qb4 14. Bc1 Nd4 15. Bd3 Nf6 16. Nh3 Be7 17. O-O O-O 18. Kh1 e5 19. f4 Nxe4 20. Qh5 d5 21. Nxe4 dxe4 22. Bxe4 f5 23. Bd5+ Be6 24. Ng5 Bxg5 25. Bxe6+ Nxe6 26. fxg5 g6 27. Qe2 1-0


[Site "https://www.chess.com"]

[Event "Titled Tuesday Blitz March 14 Early 2023"]
[White "Shapiro, Viktor"]
[Black "Zhurova, Anna"]
[WhiteFideId "4175700"]
[BlackFideId "54113075"]
[WhiteElo "2152"]
[BlackElo "2031"]
[Result "1-0"]
[Round "09"]
[TimeControl "180+2"]
[Date "2023.03.14"]
[WhiteClock "0:00:16"]
[BlackClock "0:00:20"]

1. c4 Nf6 2. Nc3 c5 3. g3 g6 4. Bg2 Bg7 5. d3 O-O 6. Nf3 Nc6 7. a3 e6 8. Rb1 d5 9. cxd5 exd5 10. Bg5 h6 11. Bd2 d4 12. Na4 b6 13. O-O Bd7 14. b4 cxb4 15. axb4 Rc8 16. b5 Ne7 17. Nxd4 Re8 18. Re1 Ng4 19. Nf3 h5 20. h3 Nh6 21. e4 Kh7 22. Ng5+ Kg8 23. Qb3 Rc7 24. Bf4 Rc8 25. Rbc1 Rxc1 26. Rxc1 Nc8 27. Rc7 Be5 28. Bxe5 Rxe5 29. Nf3 Qxc7 30. Nxe5 Qxe5 31. Nc3 h4 32. g4 Nd6 33. Nd5 Be6 34. Qa4 Bxd5 35. exd5 Qe1+ 36. Bf1 Qe7 37. Qf4 Kh7 38. d4 f6 39. Bd3 Nhf7 40. Kg2 Ng5 41. Qc1 Kg7 42. Qc6 Nde4 43. Qa8 Nd2 44. d6 Qxd6 45. Qxa7+ Kh6 46. Qa8 Qd5+ 47. Qxd5 1-0


[Site "https://www.chess.com"]

[Event "Titled Tuesday Blitz March 14 Early 2023"]
[White "Matveeva, Olga"]
[Black "Tokhirjonova, Gulrukhbegim"]
[WhiteFideId "24107018"]
[BlackFideId "14203626"]
[WhiteElo "2056"]
[BlackElo "2268"]
[Result "0-1"]
[Round "09"]
[TimeControl "180+2"]
[Date "2023.03.14"]
[WhiteClock "0:00:20"]
[BlackClock "0:01:21"]

1. d4 Nf6 2. c4 g6 3. g3 d5 4. cxd5 Nxd5 5. Nf3 Bg7 6. Bg2 O-O 7. O-O Nb6 8. Nc3 Na6 9. e3 c5 10. d5 e6 11. e4 exd5 12. exd5 Bf5 13. Bg5 Qd7 14. Re1 Rfe8 15. Nh4 Bg4 16. Qd3 h6 17. Be3 Nb4 18. Qb5 Nc2 19. Qxc5 Nxa1 20. Rxa1 Rac8 21. Qb4 Rc4 22. Qb3 Rec8 23. Bxb6 axb6 24. Qxb6 Bxc3 25. bxc3 Rxc3 26. Re1 Rc1 27. Qb4 R8c4 28. Qd2 R4c2 29. Qxc1 Rxc1 30. Rxc1 g5 31. Nf3 Qxd5 32. Ne1 Qxa2 33. Bxb7 Qb2 34. Nd3 Qxb7 35. Ne5 Bh3 0-1


[Site "https://www.chess.com"]

[Event "Titled Tuesday Blitz March 14 Early 2023"]
[White "Liu, Casper"]
[Black "Kopczynski, Michal"]
[WhiteFideId "1454153"]
[BlackFideId "1124200"]
[WhiteElo "2221"]
[BlackElo "2212"]
[Result "0-1"]
[Round "09"]
[TimeControl "180+2"]
[Date "2023.03.14"]
[WhiteClock "0:02:13"]
[BlackClock "0:01:12"]

1. d4 Nf6 2. c4 g6 3. Nc3 Bg7 4. Bg5 d6 5. Qd2 O-O 6. O-O-O c6 7. f3 a6 8. h4 b5 9. cxb5 axb5 10. h5 b4 11. Ne4 Nxe4 12. fxe4 Rxa2 13. Bh6 Ra1+ 14. Kc2 b3+ 15. Kxb3 Rxd1 16. Qxd1 Bxh6 17. hxg6 Bg7 18. gxh7+ Kh8 19. e3 Be6+ 20. Kc2 Qb6 21. Qd3 c5 22. Nf3 Nc6 23. Kd2 Qxb2+ 24. Ke1 cxd4 25. Be2 Qc1+ 26. Bd1 Qxe3+ 27. Qxe3 dxe3 28. Ke2 Nd4+ 29. Kxe3 Nxf3 30. gxf3 Rc8 31. f4 Rc3+ 32. Kd2 Rh3 33. Rxh3 Bxh3 34. Bh5 Be6 35. f5 Ba2 36. Kc2 Kxh7 0-1


[Site "https://www.chess.com"]

[Event "Titled Tuesday Blitz March 14 Early 2023"]
[White "Perez Rodriguez, Jennifer"]
[Black "Manukian, Artak"]
[WhiteFideId "3507831"]
[BlackFideId "13301373"]
[WhiteElo "2170"]
[BlackElo "2130"]
[Result "0-1"]
[Round "09"]
[TimeControl "180+2"]
[Date "2023.03.14"]
[WhiteClock "0:00:15"]
[BlackClock "0:01:29"]

1. e4 c6 2. Nc3 d5 3. Nf3 dxe4 4. Nxe4 Nf6 5. Qe2 Nxe4 6. Qxe4 Qd5 7. Qxd5 cxd5 8. d4 Nc6 9. Bb5 Bd7 10. O-O e6 11. Re1 Bd6 12. c4 dxc4 13. Bxc4 Nb4 14. d5 Nc2 15. dxe6 Bxe6 16. Bb5+ Kf8 17. Rd1 Nxa1 18. Rxd6 Ke7 19. Rd1 Rhd8 20. Bg5+ f6 21. Rxa1 fxg5 22. Nxg5 Bf5 23. Re1+ Kf6 24. Nf3 Rac8 25. Ba4 Bc2 26. Bb5 a6 27. Bf1 Rd1 28. Rxd1 Bxd1 29. Nd4 Rd8 30. Ne2 Bxe2 31. Bxe2 Rd2 32. Bf3 Rxb2 0-1


[Site "https://www.chess.com"]

[Event "Titled Tuesday Blitz March 14 Early 2023"]
[White "Buscar, Michael"]
[Black "Shubenkova, Veronika"]
[WhiteFideId "2603616"]
[BlackFideId "44124040"]
[WhiteElo "2010"]
[BlackElo "2027"]
[Result "0-1"]
[Round "09"]
[TimeControl "180+2"]
[Date "2023.03.14"]
[WhiteClock "0:00:06"]
[BlackClock "0:00:06"]

1. Nf3 d5 2. b3 Nf6 3. Bb2 g6 4. e3 Bg7 5. c4 c6 6. cxd5 cxd5 7. Be2 O-O 8. O-O Nc6 9. d3 Bd7 10. Nbd2 Rc8 11. a3 a6 12. Rc1 Nh5 13. Bxg7 Nxg7 14. Re1 e5 15. Nf1 Qe7 16. b4 Rfd8 17. Qb3 Be6 18. d4 e4 19. N3d2 Nb8 20. Qb2 Nd7 21. Nb3 Qg5 22. Nc5 Nxc5 23. bxc5 Rc7 24. Qb6 Rdc8 25. Rb1 h5 26. Qd6 h4 27. Rb2 h3 28. Qg3 Qh6 29. Bg4 hxg2 30. Qxg2 Nf5 31. Bxf5 Bxf5 32. Reb1 Rc6 33. Rxb7 g5 34. Qg3 Rf6 35. R1b6 Rcc6 36. Rxc6 Rxc6 37. Qb8+ Rc8 38. Qe5 Bh3 39. Qe7 Qh5 40. Qe5 Rf8 41. Rb1 Rd8 42. Qg3 Rc8 43. Nd2 Rc6 44. f3 Rf6 45. f4 Rg6 46. f5 Bxf5 47. Rb8+ Kh7 48. Qe5 Qg4+ 49. Kf2 Rg7 50. Nf1 Qf3+ 51. Kg1 Bh3 52. Qg3 Qxf1# 0-1


[Site "https://www.chess.com"]

[Event "Titled Tuesday Blitz March 14 Early 2023"]
[White "Jiganchine, Roman"]
[Black "Begunov, Konstantin"]
[WhiteFideId "2603667"]
[BlackFideId "4118510"]
[WhiteElo "2327"]
[BlackElo "2079"]
[Result "1/2-1/2"]
[Round "09"]
[TimeControl "180+2"]
[Date "2023.03.14"]
[WhiteClock "0:00:09"]
[BlackClock "0:00:13"]

1. e4 c5 2. Nf3 d6 3. Bb5+ Bd7 4. Bxd7+ Qxd7 5. c4 Nf6 6. Nc3 Nc6 7. d4 cxd4 8. Nxd4 Qg4 9. Qxg4 Nxg4 10. Nxc6 bxc6 11. Bf4 g6 12. h3 Nf6 13. e5 dxe5 14. Bxe5 Bg7 15. O-O O-O 16. Rad1 Rfd8 17. b3 Ne8 18. Bxg7 Kxg7 19. Ne4 e5 20. Rfe1 Nc7 21. Nc5 f6 22. Kf1 Kf7 23. Nb7 Rxd1 24. Rxd1 Ke7 25. Nc5 Rd8 26. Rxd8 Kxd8 27. Ke2 Ke7 28. Kd3 Kd6 29. Ne4+ Ke6 30. Nc5+ Kd6 31. Ne4+ Ke7 32. Nc5 f5 33. b4 Kd6 34. a4 h5 35. Nb7+ Ke6 36. Nc5+ Ke7 37. h4 Ne8 38. b5 Kd6 39. Nb7+ Kc7 40. Na5 cxb5 41. cxb5 Nd6 42. Nc4 Nf7 43. a5 Kb7 44. Kc3 Kc7 45. Kb4 e4 46. Kc5 g5 47. hxg5 Nxg5 48. Kd5 f4 49. Ke5 f3 50. gxf3 exf3 51. Kf4 Ne6+ 52. Kxf3 Nd4+ 53. Kf4 Nxb5 54. Kg5 Kc6 55. Kxh5 Kc5 56. Ne3 Kb4 57. f4 Kxa5 58. f5 Nd6 59. f6 Kb4 60. Kg6 a5 61. Nd5+ Kb3 62. Nb6 Kb4 63. Nd5+ Kc5 64. Nc3 Kc4 65. Na4 Kb5 66. Nc3+ Kb4 67. Nd5+ 1/2-1/2


[Site "https://www.chess.com"]

[Event "Titled Tuesday Blitz March 14 Early 2023"]
[White "Leve, Nitai"]
[Black "Sovetbekova, Nurai"]
[WhiteFideId "2006898"]
[BlackFideId "13801910"]
[WhiteElo "2144"]
[BlackElo "1857"]
[Result "0-1"]
[Round "09"]
[TimeControl "180+2"]
[Date "2023.03.14"]
[WhiteClock "0:00:11"]
[BlackClock "0:00:08"]

1. e4 c5 2. Nf3 d6 3. d4 cxd4 4. Qxd4 Nc6 5. Bb5 Bd7 6. Bxc6 Bxc6 7. Nc3 e6 8. Bg5 Be7 9. Qxg7 Bxg5 10. Qxh8 Kd7 11. Qxh7 Nh6 12. h4 Bf4 13. g3 Bxg3 14. fxg3 Qf6 15. O-O-O Rh8 16. Qxh8 Qxh8 17. Rhf1 Ke7 18. Nd4 Qe5 19. Nxc6+ bxc6 20. Rf4 Qc5 21. Rf3 Ng4 22. Kb1 Ne5 23. Rff1 Qb6 24. b3 Nc4 25. Rd3 Ne5 26. Rd2 Qb4 27. Rdf2 Qxc3 28. g4 Qg3 29. g5 Qxh4 30. a4 Qxg5 31. Kb2 Qe3 32. Rg2 Qxe4 33. Rfg1 Qd4+ 34. Ka2 Qc3 35. Re1 Qxe1 0-1


[Site "https://www.chess.com"]

[Event "Titled Tuesday Blitz March 14 Early 2023"]
[White "Fajdetic, Hrvoje"]
[Black "Shevtchenko, Olesya"]
[WhiteFideId "14501945"]
[BlackFideId "24131890"]
[WhiteElo "2185"]
[BlackElo "2003"]
[Result "0-1"]
[Round "09"]
[TimeControl "180+2"]
[Date "2023.03.14"]
[WhiteClock "0:00:07"]
[BlackClock "0:00:45"]

1. f4 d5 2. Nf3 Nf6 3. e3 g6 4. d4 Bg7 5. Bd3 O-O 6. O-O c5 7. c3 Qc7 8. Ne5 Nc6 9. Nd2 Rb8 10. a4 a6 11. Qe1 b5 12. axb5 axb5 13. Qh4 b4 14. Ndf3 cxd4 15. cxd4 b3 16. Bd2 Nb4 17. Rfc1 Qd6 18. Ra7 Nxd3 19. Nxd3 Bf5 20. Nc5 Bc2 21. Rca1 e6 22. Ne5 Rbc8 23. R1a6 Qb8 24. Ncd7 Nxd7 25. Nxd7 Qb5 26. Nxf8 Rxf8 27. Qe1 Be4 28. Bb4 Rc8 29. Ra8 Qb7 30. Rxc8+ Qxc8 31. Qa1 Bf8 32. Bxf8 Qc2 33. Qf1 Bd3 34. Qe1 Bxa6 35. Bh6 Bd3 36. h3 Be4 37. Qg3 Qxb2 38. Qg5 Qxg2+ 39. Qxg2 Bxg2 40. Kxg2 b2 0-1


[Site "https://www.chess.com"]

[Event "Titled Tuesday Blitz March 14 Early 2023"]
[White "Fernandez Siles, Luis"]
[Black "Lesbekova, Assel"]
[WhiteFideId "2209420"]
[BlackFideId "13713248"]
[WhiteElo "2186"]
[BlackElo "1799"]
[Result "1-0"]
[Round "09"]
[TimeControl "180+2"]
[Date "2023.03.14"]
[WhiteClock "0:01:27"]
[BlackClock "0:00:58"]

1. d4 Nf6 2. c4 c5 3. d5 g6 4. Nc3 Bg7 5. e4 d6 6. f4 O-O 7. Bd3 e6 8. dxe6 fxe6 9. Nf3 Nc6 10. O-O Kh8 11. Ng5 h6 12. Nf3 Nd4 13. e5 Nxf3+ 14. Rxf3 dxe5 15. fxe5 Nh7 16. Rh3 h5 17. Bxg6 Qxd1+ 18. Nxd1 Bxe5 19. Rxh5 Bd4+ 20. Be3 Kg7 21. Bxh7 1-0


[Site "https://www.chess.com"]

[Event "Titled Tuesday Blitz March 14 Early 2023"]
[White "Mirzanurov, Bulat"]
[Black "Baruch, Liam"]
[WhiteFideId "4184521"]
[BlackFideId "14322064"]
[WhiteElo "2019"]
[BlackElo "2153"]
[Result "0-1"]
[Round "09"]
[TimeControl "180+2"]
[Date "2023.03.14"]
[WhiteClock "0:00:02"]
[BlackClock "0:00:19"]

1. e4 e5 2. Nf3 Nc6 3. Bc4 Bc5 4. O-O Nf6 5. d3 d6 6. c3 Bb6 7. Nbd2 O-O 8. h3 Ne7 9. Re1 Ng6 10. Nf1 c6 11. Ng3 d5 12. exd5 cxd5 13. Bb3 Re8 14. Be3 Bc7 15. Nd2 e4 16. dxe4 Bxg3 17. fxg3 dxe4 18. Rf1 Qc7 19. g4 Be6 20. g5 Nd5 21. Bd4 e3 22. Nf3 Ndf4 23. Re1 e2 24. Qd2 Bxb3 25. axb3 Rad8 26. Rxa7 Qc6 27. Kh2 Nxg2 28. Kxg2 Nh4+ 29. Kg3 Qxf3+ 30. Kxh4 Re4+ 0-1


[Site "https://www.chess.com"]

[Event "Titled Tuesday Blitz March 14 Early 2023"]
[White "Shuvalov, Evgenij"]
[Black "Quirke, Jeffrey"]
[WhiteFideId "4187237"]
[BlackFideId "2013029"]
[WhiteElo "2080"]
[BlackElo "2223"]
[Result "1-0"]
[Round "09"]
[TimeControl "180+2"]
[Date "2023.03.14"]
[WhiteClock "0:00:23"]
[BlackClock "0:00:10"]

1. Nc3 d5 2. d4 c6 3. Bf4 Bf5 4. e3 e6 5. g4 Bg6 6. h4 h5 7. g5 Bb4 8. Ne2 Ne7 9. a3 Ba5 10. Bg2 Nd7 11. O-O Nf5 12. Bg3 Bc7 13. Qd2 Qb8 14. e4 Nxg3 15. fxg3 Bxg3 16. Nf4 Bxf4 17. Rxf4 O-O 18. Raf1 Qc7 19. R1f2 Rad8 20. Bf1 dxe4 21. Nxe4 c5 22. Qc3 Rc8 23. Nxc5 Nxc5 24. dxc5 Qxc5 25. Rc4 Qxc4 26. Bxc4 b5 27. Rf4 Rfd8 28. Kf2 bxc4 29. Rxc4 Rxc4 30. Qxc4 Rd2+ 31. Ke3 Rxc2 32. Qb4 Kh7 33. Qb7 a5 34. b4 axb4 35. axb4 Rc4 36. b5 Rxh4 37. b6 Rb4 38. Qc6 Rxb6 39. Qxb6 Bf5 40. Kf4 Bg6 41. Qc7 Kh8 42. Qe7 Kh7 43. Qf8 Bf5 44. Qxf7 Bg6 45. Qxe6 Bd3 46. Qf7 Bg6 47. Qe7 Bd3 48. Qc7 Bg6 49. Ke5 Bd3 50. Ke6 Bg6 51. Ke7 Kg8 52. Qd8+ Kh7 53. Kf8 1-0


[Site "https://www.chess.com"]

[Event "Titled Tuesday Blitz March 14 Early 2023"]
[White "Manon-og, Ramon Jr."]
[Black "Loiacono, Antonio"]
[WhiteFideId "5200776"]
[BlackFideId "895415"]
[WhiteElo "2340"]
[BlackElo "2257"]
[Result "0-1"]
[Round "09"]
[TimeControl "180+2"]
[Date "2023.03.14"]
[WhiteClock "0:00:11"]
[BlackClock "0:00:48"]

1. e4 e5 2. Nf3 Nc6 3. Bc4 Bc5 4. c3 Nf6 5. d4 exd4 6. e5 d5 7. Bb5 Ne4 8. cxd4 Bb6 9. Be3 O-O 10. O-O Bg4 11. Bxc6 bxc6 12. Nc3 f6 13. h3 Bh5 14. Qc2 Bxf3 15. gxf3 Nxc3 16. bxc3 fxe5 17. dxe5 Rxf3 18. Kg2 Rf7 19. Bxb6 Qg5+ 20. Kh1 axb6 21. Qe2 Re8 22. Rae1 Rf5 23. e6 Rf6 24. e7 Rf7 25. Qe6 Rxe7 26. Qxc6 h6 27. Rxe7 Rxe7 28. Rg1 Qf5 29. Qxh6 Qf3+ 30. Kh2 Qxf2+ 31. Kh1 Qxg1+ 32. Kxg1 gxh6 0-1


[Site "https://www.chess.com"]

[Event "Titled Tuesday Blitz March 14 Early 2023"]
[White "Zaksaite, Salomeja"]
[Black "Senft, Sean"]
[WhiteFideId "12801496"]
[BlackFideId "2044960"]
[WhiteElo "2059"]
[BlackElo "1989"]
[Result "1-0"]
[Round "09"]
[TimeControl "180+2"]
[Date "2023.03.14"]
[WhiteClock "0:00:10"]
[BlackClock "0:00:16"]

1. d4 d5 2. Nc3 Nf6 3. Bf4 c6 4. e3 Bf5 5. Bd3 Bg6 6. g4 e6 7. h4 Bxd3 8. cxd3 c5 9. dxc5 Bxc5 10. g5 Nfd7 11. Nf3 Nc6 12. d4 Bb4 13. O-O h6 14. Nb5 Rc8 15. a3 Be7 16. Nd6+ Bxd6 17. Bxd6 hxg5 18. hxg5 e5 19. dxe5 Ncxe5 20. Bxe5 Rc4 21. Qxd5 Rg4+ 22. Bg3 Qc7 23. Kg2 Nb6 24. Qe4+ Kf8 25. Qxg4 1-0


[Site "https://www.chess.com"]

[Event "Titled Tuesday Blitz March 14 Early 2023"]
[White "Samaganova, Aleksandra"]
[Black "Matutururu, Maxman"]
[WhiteFideId "13800221"]
[BlackFideId "11004487"]
[WhiteElo "1858"]
[BlackElo "2427"]
[Result "0-1"]
[Round "09"]
[TimeControl "180+2"]
[Date "2023.03.14"]
[WhiteClock "0:00:04"]
[BlackClock "0:00:16"]

1. c4 c6 2. Nf3 Nf6 3. e3 d5 4. Nc3 e6 5. d4 Nbd7 6. Bd3 dxc4 7. Bxc4 b5 8. Bd3 a6 9. O-O c5 10. b3 Bb7 11. Bb2 Bd6 12. Re1 O-O 13. e4 cxd4 14. Nxd4 Ne5 15. Bc2 Bc5 16. Nde2 Qb6 17. Rf1 Neg4 18. Qe1 Nxf2 19. Rxf2 Ng4 20. Nd1 Rad8 21. Nec3 b4 22. Na4 Rxd1 23. Qxd1 Bxf2+ 24. Kh1 Qc7 25. Qxg4 f5 26. exf5 h5 27. Qg6 exf5 28. Bxf5 Rf7 29. Qh7+ Kf8 30. Rc1 Qf4 31. Bh3 Bd4 32. Rd1 Qf1+ 0-1


[Site "https://www.chess.com"]